AoeStats
← edgardo_169

Arena

510828188Analyzed
3v3 RM · 11h ago on Oct 2, 2026· 40m 39s· 6 players
Game mode
Random Map
Map size
Normal (6 player)
Population
200
Speed
Normal
Resources
Standard
Victory
Conquest
Starting age
Dark Age
Ending age
Imperial Age
RankedLock teamsTeams togetherTeam positionsShared explorationLock speedFull tech treeHidden civsTurbo modeCheats
Victory
Defeat
🇩🇪 Tatars · Germany
947
+14
🇩🇪 Spanish · Germany
907
+16
🇩🇪 Persians · Germany
876
+17
🇹🇷 Mongols · Türkiye
941
-19
🇧🇷 Khmer · Brazil
902
-16
🇲🇽 Turks · Mexico
861
-14
edgardo_169
16:01 Feudal Age
17:23 Double-Bit Axe
17:33 Gold Mining
21:58 Castle Age
20:02 Horse Collar
21:47 Wheelbarrow
27:14 Imperial Age
25:16 Bow Saw
25:07 Heavy Plow
27:54 Fletching
28:05 Padded Archer Armor
31:27 Leather Archer Armor
31:07 Bodkin Arrow
35:13 Loom
37:06 Town Watch
38:43 Scale Mail Armor
linomiotto
11:23 Feudal Age
15:10 Castle Age
13:00 Double-Bit Axe
12:59 Horse Collar
18:19 Bow Saw
18:36 Pikeman
23:46 Light Cavalry
24:37 Bloodlines
25:14 Husbandry
Norelaxz44
10:20 Feudal Age
11:03 Double-Bit Axe
16:59 Castle Age
16:03 Horse Collar
16:47 Man-at-Arms
17:22 Gold Mining
19:32 Pikeman
21:50 Squires
el_Commandante
11:47 Feudal Age
16:07 Castle Age
14:25 Horse Collar
14:33 Double-Bit Axe
17:12 Heavy Plow
23:29 Gold Mining
23:30 Stone Mining
28:05 Padded Archer Armor
27:56 Fletching
28:19 Bloodlines
28:10 Husbandry
29:29 Leather Archer Armor
33:22 Imperial Age
31:28 Wheelbarrow
30:39 Loom
31:05 Silk Armor
30:41 Light Cavalry
32:14 Forging
32:09 Scale Barding Armor
33:33 Hussar
35:26 Conscription
36:45 Iron Casting
36:31 Chain Barding Armor
39:18 Blast Furnace
TOBZ
9:11 Loom
11:00 Feudal Age
14:50 Castle Age
13:44 Loom
15:40 Double-Bit Axe
19:12 Gold Mining
25:32 Redemption
25:36 Fervor
25:50 Sanctity
28:50 Horse Collar
29:23 Bow Saw
38:08 Imperial Age
35:41 Heavy Plow
41:32 Theocracy
rse|10b|HuNt3r
11:18 Feudal Age
13:18 Double-Bit Axe
13:18 Horse Collar
19:26 Castle Age
18:50 Gold Mining
18:53 Stone Mining
20:09 Heavy Plow
20:20 Bow Saw
22:33 Gold Shaft Mining
22:37 Stone Shaft Mining
23:05 Ballistics
24:29 Wheelbarrow
30:29 Forging
30:24 Scale Barding Armor
29:43 Light Cavalry
30:33 Bloodlines
30:24 Husbandry
30:55 Hand Cart
31:53 Iron Casting
32:38 Chain Barding Armor
36:19 Imperial Age
36:04 Cavalier
37:47 Blast Furnace
37:22 Plate Barding Armor
37:32 Crop Rotation
37:25 Savar
39:33 Conscription
Connection lost

Rejoining the realm…

Still unreachable

The connection could not be restored.

Session expired

The server has moved on; the page needs a fresh start.